 Dungeon Crawl Stone Soup version 0.19.4-12-gccf7e64 (webtiles) character file.

19 Rrauwl the Cudgeler (level 2, -3/29 HPs)
             Began as an Ogre Warper on Feb 26, 2017.
             Slain by an iron imp (8 damage)
             ... summoned by Natasha
             ... on level 2 of the Dungeon.
             The game lasted 00:02:54 (1554 turns).

Rrauwl the Cudgeler (Ogre Warper)                   Turns: 1554, Time: 00:02:56

Health: -3/29      AC:  4    Str: 15    XL:     2   Next: 75%
Magic:  5/5        EV: 10    Int: 12    God:
Gold:   71         SH:  0    Dex:  9    Spells: 0 memorised, 5 levels left

rFire  . . .     SeeInvis .     a - +0 mace
rCold  . . .     Gourm    .     b - +0 robe
rNeg   . . .     Faith    .     (no shield)
rPois  .         Spirit   .     (helmet restricted)
rElec  .         Reflect  .     p - +0 cloak
rCorr  .         Harm     .     (gloves unavailable)
MR     +....                    (boots unavailable)
Stlth  +.........               (no amulet)
                                (no ring)
                                g - ring of protection from magic

@: no status effects
A: unfitting armour, tough skin 1
a: no special abilities


You were on level 2 of the Dungeon.
You were not hungry.

You visited 1 branch of the dungeon, and saw 2 of its levels.

You collected 71 gold pieces.

Inventory:

Hand Weapons
 a - a +0 mace (weapon)
Missiles
 e - 5 tomahawks of dispersal (quivered)
Armour
 b - a +0 robe (worn)
 p - a +0 cloak (worn)
Jewellery
 g - a ring of protection from magic (left hand)
Scrolls
 d - a scroll of blinking
 h - a scroll of noise {unknown}
 l - a scroll of teleportation {unknown}
 n - a scroll of enchant armour {unknown}
Potions
 i - a potion of might {unknown}
 j - a potion of flight {unknown}
 k - a potion of degeneration {unknown}
 o - a potion of heal wounds {unknown}
 q - 2 potions of curing {unknown}
Books
 c - a book of Spatial Translocations

   Spells                             Type                      Level
   a - Blink                          Translocation                2
   b - Shroud of Golubria             Charms/Translocation         2
   c - Lesser Beckoning               Translocation                3
   d - Portal Projectile              Translocation                3
   e - Teleport Other                 Translocation                3
   f - Passage of Golubria            Translocation                4
Comestibles
 f - a bread ration


   Skills:
 - Level 2.6 Fighting
 + Level 4.2 Maces & Flails
 - Level 1.0 Throwing
 - Level 2.1 Dodging
 + Level 0.1 Stealth
 - Level 2.4 Spellcasting
   Level 2.1 Translocations


You had 5 spell levels left.
You didn't know any spells.

Dungeon Overview and Level Annotations

Branches:
Dungeon (2/15)

Altars:

Annotations:
D:2 Natasha


Innate Abilities, Weirdness & Mutations

You are too large for most types of armour.
You have tough skin. (AC +1)


Message History

Natasha is lightly wounded.
The iron imp closely misses you. Natasha claws you but does no damage.
You hit Natasha.
Natasha is moderately wounded.
The iron imp closely misses you.
Natasha mumbles some strange words.
Natasha glows brightly for a moment.
Natasha casts a spell at you. The magic dart hits you!
You closely miss Natasha.
Natasha is moderately wounded.
Natasha claws you but does no damage. The iron imp hits you!
Unknown command.
You hit Natasha but do no damage.
Natasha is moderately wounded.
Natasha mewls in sadness.
Natasha claws you!
* * * LOW HITPOINT WARNING * * *
The iron imp hits you!
You die...

####.## . .. .# #. #.## #
#. .## ###...#.. #. ##
.... ....#.... #.
##[##...# >......##
#5##.......# .........
#h#........# .#.....##
#.@5........ .##......
###.....## .# #####.
##...##
.#######.#########..######
..........................
..######..########..######
..# #..# #..#
..######..########..#
..........##........#


You could see an iron imp, Natasha and a shadow imp.

Vanquished Creatures
  4 bats (D:1)
  A giant cockroach (D:2)
  2 goblins
  2 hobgoblins
  3 jackals (D:1)
  A kobold (D:1)
  3 rats
16 creatures vanquished.

Notes
Turn   | Place    | Note
-------+----------+-------------------------------------------
     0 | D:1      | Rrauwl the Ogre Warper began the quest for the Orb.
     0 | D:1      | Reached XP level 1. HP: 22/22 MP: 3/3
   128 | D:1      | Reached skill level 3 in Maces & Flails
   301 | D:1      | Reached XP level 2. HP: 25/29 MP: 5/5
  1081 | D:2      | Reached skill level 4 in Maces & Flails
  1547 | D:2      | Noticed Natasha
  1554 | D:2      | Slain by an iron imp

Skill      XL: |  1  2 |
---------------+-------+-----
Maces & Flails | 3 4 |  4.2
Fighting       | |  2.6
Throwing       | |  1.0
Dodging        | |  2.1
Stealth        | |  0.1
Spellcasting   | |  2.4
Translocations | |  2.1

Action                   || total
-------------------------++-------
Melee: Mace              ||    47
  Eat: Chunk             ||     2
Armor: Robe              ||    20
Dodge: Dodged            ||    35
